 Dungeon Crawl Stone Soup version 0.27-a0-1200-g94dc6ad4cf (webtiles) character file.

Game seed: 5903150745016498049

1780 27snakeeyes612 the Shield-Bearer (level 9, -2/56 HPs)
             Began as a Gargoyle Fighter on May 30, 2021.
             Was a Priest of Okawaru.
             Slain by a thrashing horror (5 damage)
             ... on level 1 of the Abyss.
             The game lasted 00:10:49 (7756 turns).

27snakeeyes612 the Shield-Bearer (Gargoyle Fighter) Turns: 7756, Time: 00:10:49

Health: -2/56      AC: 20    Str: 24    XL:     9   Next: 8%
Magic:  9/9        EV:  5    Int:  8    God:    Okawaru [***...]
Gold:   168        SH: 10    Dex:  9    Spells: 8/8 levels left

rFire    + . .     SeeInvis .   a - +0 flail
rCold    x . .     Faith    .   c - +0 kite shield
rNeg     + . .     Spirit   .   f - +0 plate armour
rPois    ∞         Reflect  .   (no helmet)
rElec    +         Harm     .   t - +0 cloak
rCorr    .         Rampage  .   (no gloves)
Will     .....                  (no boots)
Stlth    ..........             (no amulet)
HPRegen  0.18/turn              j - ring of flight
MPRegen  0.11/turn              l - ring of fire

@: flying
A: sickness immunity, AC +6, negative energy resistance 1, electricity
resistance, torment resistance 1, petrification resistance
a: Renounce Religion, Heroism


You were on level 1 of the Abyss.
You worshipped Okawaru.
Okawaru was most pleased with you.
You visited 1 branch of the dungeon, and saw 6 of its levels.
You visited the Abyss 1 time.

You collected 168 gold pieces.

Inventory:

Hand Weapons
 a - a +0 flail (weapon)
 y - a +2 vorpal long sword
Missiles
 d - 3 poisoned darts (quivered)
 e - 169 stones
Armour
 b - a +0 scale mail
 c - a +0 kite shield (worn)
 f - a +0 plate armour (worn)
 t - a +0 cloak (worn)
Jewellery
 j - a ring of flight (left hand)
 l - a ring of fire (right hand)
Wands
 w - a wand of polymorph (4)
Scrolls
 g - a scroll of fear {unknown}
 k - a scroll of summoning {unknown}
 n - 3 scrolls of identify {unknown}
 q - a scroll of noise {unknown}
 r - 3 scrolls of teleportation {unknown}
 s - 2 scrolls of torment {unknown}
 v - a scroll of magic mapping {unknown}
 x - a scroll of amnesia {unknown}
Potions
 h - a potion of flight {unknown}
 m - 2 potions of curing {unknown}
 o - 2 potions of haste
 p - a potion of lignification {unknown}
 u - a potion of degeneration {unknown}
 z - 2 potions of might


   Skills:
 + Level 6.4 Fighting
 + Level 5.4 Maces & Flails
 + Level 4.4 Throwing
 + Level 6.4 Armour
 + Level 6.5 Shields


You had 8 spell levels left.
You didn't know any spells.
Your spell library contained the following spells:

 Spells                   Type           Power      Damage    Failure   Level
 Confusing Touch          Hex            0%         N/A       100%        3
 Gell's Gravitas          Tloc           0%         N/A       100%        3
 Petrify                  Tmut/Erth      0%         N/A       100%        4
 Metabolic Englaciation   Hex/Ice        0%         N/A       100%        5
 Yara's Violent Unravell  Hex/Tmut       0%         3d3       100%        5


Dungeon Overview and Level Annotations

Branches:
Dungeon (6/15)             Temple (0/1) D:6

Altars:
Gozag
Kikubaaqudgha
Makhleb
Okawaru

Shops:
D:4 *


Innate Abilities, Weirdness & Mutations

You are immune to sickness and miasma.
Your stone body is resilient. (AC +6)
You are immune to poison.
You resist negative energy. (rN+)
You are resistant to electric shocks. (rElec)
You are resistant to unholy torment.
You are immune to petrification.


Message History

The thrashing horror roars!
You block the thrashing horror's attack. x2
The thrashing horror completely misses you.
The thrashing horror tramples you but does no damage.
The thrashing horror tramples you but does no damage. x2
The thrashing horror roars!
The thrashing horror tramples you but does no damage.
The thrashing horror tramples you.
You are shoved backwards!
You feel yourself slow down.
The thrashing horror tramples you but does no damage. x2
You thump the thrashing horror!
The thrashing horror is lightly damaged.
You block the thrashing horror's attack.
The thrashing horror tramples you but does no damage.
The thrashing horror barely misses you. The thrashing horror tramples you.
* * * LOW HITPOINT WARNING * * *
You hold your ground!
You block the thrashing horror's attack.
The thrashing horror tramples you.
* * * LOW HITPOINT WARNING * * *
You hold your ground!
You block the ufetubus's attack.
The ufetubus hits you but does no damage.
Your plate armour prevents you from hitting the ufetubus.
The thrashing horror roars!
The thrashing horror tramples you but does no damage.
The thrashing horror barely misses you.
The ufetubus hits you but does no damage. x2
You block the ufetubus's attack.
The ufetubus hits you but does no damage. x2
You block the ufetubus's attack.
You hit the ufetubus.
You kill the ufetubus!
Okawaru accepts your kill. The thrashing horror tramples you!
* * * LOW HITPOINT WARNING * * *
You hold your ground!
You block the thrashing horror's attack.
The thrashing horror tramples you but does no damage. x2
The thrashing horror tramples you.
You die...

.. # .5 . #.
#### .. ## #..
.. .....#.#.# #
.#x ###5#.##..#
.#. #.....###
..? #.#.x...###
#####.
..#.....##.#
...#.#.##...#
#....#...#x##
.#.....#.@X.#
#..###....#..##
# #.#..###.# ..
##. ### . .# #


You could see a thrashing horror and a small abomination.

Vanquished Creatures
  2 steam dragons
  Menkaure (D:6)
  A water moccasin (D:5)
  A sky beast (D:5)
  A black bear (D:5)
  6 ogres
  2 water moccasin skeletons (D:6)
  4 hounds
  An orc priest (D:2)
  A bullfrog skeleton (D:5)
  2 centaur skeletons
  Natasha (thrice) (D:3)
  2 orc wizards (D:5)
  6 adders
  3 gnolls
  2 ufetubi
  4 dart slugs
  8 orcs
  7 ball pythons
  6 bats
  4 endoplasms
  3 giant cockroaches
  5 goblins
  7 hobgoblins
  3 jackals (D:1)
  4 quokkas
  2 frilled lizards (D:2)
  4 kobolds
  12 rats
107 creatures vanquished.

Vanquished Creatures (others)
  18 fungi (D:5)
18 creatures vanquished.

Grand Total: 125 creatures vanquished

Notes
Turn   | Place    | Note
-------+----------+-------------------------------------------
     0 | D:1      | 27snakeeyes612 the Gargoyle Fighter began the quest for the
                  | Orb.
     0 | D:1      | Reached XP level 1. HP: 14/14 MP: 1/1
   263 | D:1      | Found a faded altar of an unknown god.
   296 | D:1      | Reached XP level 2. HP: 19/19 MP: 2/2
   698 | D:1      | Reached XP level 3. HP: 23/23 MP: 3/3
   942 | D:1      | Reached skill level 1 in Throwing
  1559 | D:2      | Reached XP level 4. HP: 23/29 MP: 4/4
  2117 | D:3      | Reached XP level 5. HP: 33/33 MP: 5/5
  2384 | D:3      | Noticed Natasha
  2392 | D:3      | Killed Natasha
  2400 | D:3      | Noticed Natasha
  2425 | D:3      | Killed Natasha
  2805 | D:3      | Noticed Natasha
  2837 | D:3      | Killed Natasha
  2985 | D:3      | Found an iron altar of Okawaru.
  2985 | D:3      | Found a burning altar of Makhleb.
  3178 | D:3      | Became a worshipper of Warmaster Okawaru
  3264 | D:4      | Noticed an ogre
  3579 | D:3      | Reached XP level 6. HP: 24/39 MP: 6/6
  3710 | D:4      | Found an ancient bone altar of Kikubaaqudgha.
  4068 | D:4      | Found Gozag's Platinum Reserve.
  4080 | D:4      | Found an opulent altar of Gozag.
  4337 | D:5      | Entered Level 5 of the Dungeon
  4435 | D:5      | Noticed a steam dragon
  4740 | D:5      | Noticed a steam dragon
  4747 | D:5      | Killed a steam dragon
  4747 | D:5      | Reached * piety under Okawaru
  4748 | D:5      | Reached XP level 7. HP: 29/44 MP: 7/7
  4759 | D:4      | Killed a steam dragon
  4760 | D:4      | Reached skill level 5 in Fighting
  4760 | D:4      | Reached skill level 5 in Armour
  4760 | D:4      | Reached skill level 5 in Shields
  5778 | D:5      | Reached XP level 8. HP: 48/50 MP: 8/8
  5836 | D:5      | Reached ** piety under Okawaru
  7010 | D:6      | Noticed Menkaure
  7079 | D:6      | Killed Menkaure
  7080 | D:6      | Reached skill level 5 in Maces & Flails
  7283 | D:6      | Found a staircase to the Ecumenical Temple.
  7404 | D:6      | Reached *** piety under Okawaru
  7405 | D:6      | Reached XP level 9. HP: 45/56 MP: 9/9
  7657 | D:6      | Cast into level 1 of the Abyss (gnoll sergeant)
  7684 | Abyss:1  | Noticed a thrashing horror
  7689 | Abyss:1  | Found a snail-covered altar of Cheibriados.
  7703 | Abyss:1  | Noticed a tentacled starspawn
  7707 | Abyss:1  | Noticed a hellwing
  7734 | Abyss:1  | HP: 2/56 [thrashing horror (6)]
  7756 | Abyss:1  | Slain by a thrashing horror

Illustrated notes

Levels and vault maps discovered:
D:1:      dpeg_arrival_oval, layout_basic, ebering_ecumenical_altar_petrified,
          minmay_misc_feat_plants, patterned_corridor
D:2:      layout_rooms
D:3:      layout_basic, nicolae_overflow_hidden_temple,
          gammafunk_temple_overflow_statue, uniq_natasha
D:4:      layout_rooms, nicolae_gozag_zags_fifth_avenue,
          nicolae_kikubaaqudgha_miasma_corner
D:5:      kennysheep_steamy, layout_basic
D:6:      layout_basic, kennysheep_slug_shrine, minmay_temple_entry_grid,
          dk_vineyard_2, uniq_eustachio, uniq_menkaure
Abyss:1:  base:
D:2

Skill      XL: |  1  2  3  4  5  6  7  8 |
---------------+-------------------------+-----
Throwing       | 1 2 3 4 |  4.4
Armour         | 4 5 6 |  6.4
Shields        | 4 5 6 |  6.5
Fighting       | 4 5 6 |  6.4
Maces & Flails | 3 4 5 |  5.4

Action                   |  1- 3 |  4- 6 |  7- 9 || total
-------------------------+-------+-------+-------++-------
Melee: Flail             |   142 |   184 |   169 ||   495
Throw: Stone             |    48 |    97 |       ||   145
       Dart              |       |       |    46 ||    46
Evoke: Wand              |       |     7 |       ||     7
  Use: Potion            |       |     1 |     2 ||     3
Armor: Plate armour      |   167 |   169 |   190 ||   526
       Scale mail        |     1 |       |       ||     1
Dodge: Dodged            |    28 |    33 |    46 ||   107
Block: Kite shield       |   108 |   125 |   168 ||   401

Table legend: (Time is in decaauts)
 A = Elapsed time spent in this place.
 B = Non-inter-level travel time spent in this place.
 C = Inter-level travel time spent in this place.
 D = Time resting spent in this place.
 E = Time spent auto-exploring this place.
 F = Levels seen in this place.
 G = Mean time per level.
                   A        B        C        D        E       F      G
               +--------+--------+--------+--------+--------+-----+--------+
         Total |   8031 |   7641 |    390 |    948 |   5039 |   7 | 1147.3 |
       Dungeon |   7951 |   7561 |    390 |    948 |   5039 |   6 | 1325.2 |
         Abyss |     80 |     80 |      0 |      0 |      0 |   1 |   80.0 |
               +--------+--------+--------+--------+--------+-----+--------+

Top non-repeatable levels by time:
     D:5: 2500 daAuts
     D:3: 1522 daAuts
     D:1: 1469 daAuts
     D:4: 1089 daAuts
     D:2: 798 daAuts
     D:6: 571 daAuts
 Abyss:1: 80 daAuts
